TOP OF THE 1ST |
Oklahoma City Dodgers batting - Pitching for El Paso Chihuahuas : LHP Jim Turan
|
Pitching: LHP Jim Turan
|
|
Batting: RHB Theo Schepers
|
0-0: Called Strike 0-1: Called Strike 0-2: Strikes out swinging
|
Batting: LHB Darrell Ortega
|
0-0: Called Strike 0-1: Foul Ball, location: 2F 0-2: Ball 1-2: Ball 2-2: Ball 3-2: Strikes out swinging
|
Batting: LHB Stephen Van Raalte
|
0-0: Ball 1-0: Ball 2-0: Foul Ball, location: 2F 2-1: SINGLE (Line Drive, 8RS, EV 91.9 MPH)
|
Batting: RHB Curt Earnest
|
0-0: Ball 1-0: Called Strike 1-1: Foul Ball, location: 2F 1-2: Strikes out swinging
|
Top of the 1st over - 0 runs, 1 hit, 0 errors, 1 left on base; Oklahoma City 0 - El Paso 0 |
BOTTOM OF THE 1ST |
El Paso Chihuahuas batting - Pitching for Oklahoma City Dodgers : RHP Tyler Scherer
|
Pitching: RHP Tyler Scherer
|
|
Batting: LHB Angel Mejia
|
0-0: Swinging Strike 0-1: Foul Ball, location: 2F 0-2: Ball 1-2: Strikes out looking
|
Batting: RHB Chase Briney
|
0-0: Called Strike 0-1: Swinging Strike 0-2: Ground out U3 (Groundball, 34, EV 88.1 MPH)
|
Batting: RHB Eric Sandell
|
0-0: Foul Ball, location: 2F 0-1: Swinging Strike 0-2: Ball 1-2: Ball 2-2: Ball 3-2: Base on Balls
|
Batting: RHB Roberto Lemus
|
0-0: Fielders Choice at 2nd, 5-4 (Groundball, 56, EV 86.2 MPH)
|
Bottom of the 1st over - 0 runs, 0 hits, 0 errors, 1 left on base; Oklahoma City 0 - El Paso 0 |
TOP OF THE 2ND |
Oklahoma City Dodgers batting - Pitching for El Paso Chihuahuas : LHP Jim Turan
|
Batting: LHB Steve Pond
|
0-0: Called Strike 0-1: Called Strike 0-2: Ball 1-2: Ball 2-2: Foul Ball, location: 2F 2-2: Strikes out looking
|
Batting: LHB Jose Robles
|
0-0: Called Strike 0-1: Swinging Strike 0-2: Ball 1-2: Ball 2-2: Ball 3-2: Strikes out swinging
|
Batting: RHB T.J. Jordan
|
0-0: Ball 1-0: Swinging Strike 1-1: Called Strike 1-2: Ball 2-2: Ball 3-2: Foul Ball, location: 2F 3-2: Ground out 5-3 (Groundball, 56, EV 78.1 MPH)
|
Top of the 2nd over - 0 runs, 0 hits, 0 errors, 0 left on base; Oklahoma City 0 - El Paso 0 |
BOTTOM OF THE 2ND |
El Paso Chihuahuas batting - Pitching for Oklahoma City Dodgers : RHP Tyler Scherer
|
Batting: LHB Carlos Cuellar
|
0-0: Foul Ball, location: 2F 0-1: Called Strike 0-2: SINGLE (Groundball, 34D, EV 95.6 MPH)
|
Batting: RHB Andy Sheridan
|
0-0: Fly out, F8 (Line Drive, 8LD, EV 104.4 MPH)
|
Batting: LHB Anthony Mosley
|
0-0: Foul Ball, location: 2F 0-1: Ball 1-1: Fly out, F7 (Flyball, 78M, EV 88.8 MPH)
|
Batting: RHB Lamberto Amicis
|
0-0: Called Strike 0-1: Fielders Choice at 2nd, 6-4 (Groundball, 6, EV 86.2 MPH)
|
Bottom of the 2nd over - 0 runs, 1 hit, 0 errors, 1 left on base; Oklahoma City 0 - El Paso 0 |
TOP OF THE 3RD |
Oklahoma City Dodgers batting - Pitching for El Paso Chihuahuas : LHP Jim Turan
|
Batting: RHB Carlos Talavera
|
0-0: Ball 1-0: Called Strike 1-1: Ground out 6-3 (Groundball, 6S, EV 86.9 MPH)
|
Batting: LHB Chris Fandino
|
0-0: Ball 1-0: Foul Ball, location: 2F 1-1: Ball 2-1: Foul Ball, location: 2F 2-2: Ball 3-2: Base on Balls
|
Batting: RHB Theo Schepers
|
0-0: SINGLE (Groundball, 34D, EV 94.4 MPH) Chris Fandino to second Runner from 2nd tries for 3rd, SAFE, no throw by RF
|
Batting: LHB Darrell Ortega
|
0-0: Ball 1-0: Ball 2-0: Foul Ball, location: 2F 2-1: Ball 3-1: Foul Ball, location: 2F 3-2: Foul Ball, location: 2F 3-2: Grounds into double play, 4-6-3 (Groundball, 4, EV 88.1 MPH)
|
Top of the 3rd over - 0 runs, 1 hit, 0 errors, 1 left on base; Oklahoma City 0 - El Paso 0 |
BOTTOM OF THE 3RD |
El Paso Chihuahuas batting - Pitching for Oklahoma City Dodgers : RHP Tyler Scherer
|
Batting: RHB Ryan Tatum
|
0-0: Called Strike 0-1: SINGLE (Groundball, 56D, EV 100.6 MPH)
|
Batting: LHB Angel Mejia
|
0-0: Called Strike 0-1: Called Strike 0-2: Strikes out swinging
|
Batting: RHB Chase Briney
|
0-0: Ball 1-0: Foul Ball, location: 2F 1-1: Foul Ball, location: 2F 1-2: Foul Ball, location: 2F 1-2: SINGLE (Groundball, 6MD, EV 109.4 MPH) Ryan Tatum to second Runner from 2nd tries for 3rd, SAFE, throw by CF made at trailing runner, OUT! 8-4
|
Batting: RHB Eric Sandell
|
0-0: Called Strike 0-1: Foul Ball, location: 2F 0-2: Strikes out swinging
|
Bottom of the 3rd over - 0 runs, 2 hits, 0 errors, 1 left on base; Oklahoma City 0 - El Paso 0 |
TOP OF THE 4TH |
Oklahoma City Dodgers batting - Pitching for El Paso Chihuahuas : LHP Jim Turan
|
Batting: LHB Stephen Van Raalte
|
0-0: Ball 1-0: Foul Ball, location: 2F 1-1: Called Strike 1-2: Ball 2-2: Strikes out swinging
|
Batting: RHB Curt Earnest
|
0-0: Ball 1-0: Ball 2-0: SINGLE (Line Drive, 7LS, EV 88.8 MPH)
|
Batting: LHB Steve Pond
|
0-0: Ball 1-0: Fly out, F8 (Flyball, 89XD, EV 93.1 MPH)
|
Batting: LHB Jose Robles
|
0-0: Ball 1-0: Called Strike 1-1: Ball 2-1: SINGLE (Line Drive, 89M, EV 105.0 MPH) Curt Earnest to second
|
Batting: RHB T.J. Jordan
|
0-0: Ball 1-0: Called Strike 1-1: Ball 2-1: Ball 3-1: Base on Balls Curt Earnest to third Jose Robles to second
|
Batting: RHB Carlos Talavera
|
0-0: Ball 1-0: Called Strike 1-1: Called Strike 1-2: Strikes out swinging
|
Top of the 4th over - 0 runs, 2 hits, 0 errors, 3 left on base; Oklahoma City 0 - El Paso 0 |
BOTTOM OF THE 4TH |
El Paso Chihuahuas batting - Pitching for Oklahoma City Dodgers : RHP Tyler Scherer
|
Batting: RHB Roberto Lemus
|
0-0: SINGLE (Groundball, 5S, EV 65.6 MPH) (infield hit)
|
Batting: LHB Carlos Cuellar
|
0-0: Ball 1-0: Called Strike 1-1: Ball Roberto Lemus is caught stealing 2nd base 2-6 2-1: Ball 3-1: SINGLE (Flyball, 56D, EV 93.8 MPH)
|
Batting: RHB Andy Sheridan
|
0-0: Ball 1-0: Called Strike 1-1: Ball 2-1: Ball 3-1: Swinging Strike 3-2: Base on Balls Carlos Cuellar to second
|
Batting: LHB Anthony Mosley
|
0-0: Ball 1-0: Ball 2-0: Foul Ball, location: 2F 2-1: Foul Ball, location: 2F 2-2: Strikes out swinging
|
Batting: RHB Lamberto Amicis
|
0-0: Ball 1-0: Ball 2-0: Fielders Choice at 2nd, 6-4 (Groundball, 6, EV 95.0 MPH)
|
Bottom of the 4th over - 0 runs, 2 hits, 0 errors, 2 left on base; Oklahoma City 0 - El Paso 0 |
TOP OF THE 5TH |
Oklahoma City Dodgers batting - Pitching for El Paso Chihuahuas : LHP Jim Turan
|
Batting: LHB Chris Fandino
|
0-0: Foul Ball, location: 2F 0-1: Ball 1-1: Ball 2-1: Swinging Strike 2-2: Ball 3-2: Ground out 4-3 (Groundball, 4M, EV 103.8 MPH)
|
Batting: RHB Theo Schepers
|
0-0: Ball 1-0: Foul Ball, location: 2F 1-1: Foul Ball, location: 2F 1-2: Ground out 6-3 (Groundball, 6, EV 80.6 MPH)
|
Batting: LHB Darrell Ortega
|
0-0: Ball 1-0: Called Strike 1-1: Foul Ball, location: 2F 1-2: Strikes out looking
|
Top of the 5th over - 0 runs, 0 hits, 0 errors, 0 left on base; Oklahoma City 0 - El Paso 0 |
BOTTOM OF THE 5TH |
El Paso Chihuahuas batting - Pitching for Oklahoma City Dodgers : RHP Tyler Scherer
|
Batting: RHB Ryan Tatum
|
0-0: Ball 1-0: Foul Ball, location: 2F 1-1: Ball 2-1: Swinging Strike 2-2: Foul Ball, location: 2F 2-2: Strikes out swinging
|
Batting: LHB Angel Mejia
|
0-0: Ball 1-0: Called Strike 1-1: Ball 2-1: Foul Ball, location: 2F 2-2: Foul Ball, location: 2F 2-2: Ball 3-2: SINGLE (Groundball, 6MS, EV 70.0 MPH) (infield hit)
|
Batting: RHB Chase Briney
|
0-0: Ball 1-0: Called Strike Angel Mejia steals 2nd base 1-1: SINGLE (Groundball, 56D, EV 95.0 MPH) Angel Mejia to third Runner from 3rd tries for Home, throw by LF and OUT! 7-2 Chase Briney to second
|
Batting: RHB Eric Sandell
|
0-0: Ball 1-0: Foul Ball, location: 2F 1-1: Ball 2-1: Ground out 4-3 (Groundball, 4, EV 92.5 MPH)
|
Bottom of the 5th over - 0 runs, 2 hits, 0 errors, 1 left on base; Oklahoma City 0 - El Paso 0 |
TOP OF THE 6TH |
Oklahoma City Dodgers batting - Pitching for El Paso Chihuahuas : LHP Jim Turan
|
Batting: LHB Stephen Van Raalte
|
0-0: Called Strike 0-1: Called Strike 0-2: Ball 1-2: Ball 2-2: Foul Ball, location: 2F 2-2: Ball 3-2: Ground out 4-3 (Groundball, 4, EV 105.6 MPH)
|
Batting: RHB Curt Earnest
|
0-0: Ball 1-0: Ball 2-0: Called Strike 2-1: Ball 3-1: Ground out 4-3 (Groundball, 34, EV 81.9 MPH)
|
Batting: LHB Steve Pond
|
0-0: Called Strike 0-1: Ball 1-1: Foul Ball, location: 2F 1-2: Foul Ball, location: 2F 1-2: Ball 2-2: Foul Ball, location: 2F 2-2: Fly out, F7 (Flyball, 7D, EV 106.9 MPH)
|
Top of the 6th over - 0 runs, 0 hits, 0 errors, 0 left on base; Oklahoma City 0 - El Paso 0 |
BOTTOM OF THE 6TH |
El Paso Chihuahuas batting - Pitching for Oklahoma City Dodgers : RHP Tyler Scherer
|
Batting: RHB Roberto Lemus
|
0-0: Ball 1-0: Called Strike 1-1: Ball 2-1: Swinging Strike 2-2: Ground out 6-3 (Groundball, 6, EV 89.4 MPH)
|
Batting: LHB Carlos Cuellar
|
0-0: Ball 1-0: SINGLE (Groundball, 6S, EV 70.0 MPH) (infield hit)
|
Batting: RHB Andy Sheridan
|
0-0: Ball 1-0: Called Strike 1-1: SINGLE (Groundball, 6MD, EV 101.2 MPH) Carlos Cuellar to second Runner from 2nd tries for 3rd, SAFE, throw by CF made to third
|
Batting: LHB Anthony Mosley
|
0-0: Foul Ball, location: 2F 0-1: Fly out, F5 (Popup, P, EV 73.8 MPH)
|
Batting: RHB Lamberto Amicis
|
0-0: Foul Ball, location: 2F 0-1: Ball 1-1: Fly out, F7 (Flyball, 7LSF, EV 98.1 MPH)
|
Bottom of the 6th over - 0 runs, 2 hits, 0 errors, 2 left on base; Oklahoma City 0 - El Paso 0 |
TOP OF THE 7TH |
Oklahoma City Dodgers batting - Pitching for El Paso Chihuahuas : LHP Jim Turan
|
Pitching: RHP Carlos Sepulveda
|
|
Batting: LHB Jose Robles
|
0-0: Swinging Strike 0-1: Foul Ball, location: 2F 0-2: Ball 1-2: Ball 2-2: SOLO HOME RUN (Flyball, 9D, EV 98.1 MPH), Distance : 391 ft
|
Batting: RHB T.J. Jordan
|
0-0: Foul Ball, location: 2F 0-1: Called Strike 0-2: Strikes out looking
|
Batting: RHB Carlos Talavera
|
0-0: Called Strike 0-1: Ball 1-1: Ball 2-1: Fly out, F9 (Flyball, 9, EV 91.2 MPH)
|
Batting: LHB Chris Fandino
|
0-0: Called Strike 0-1: Foul Ball, location: 2F 0-2: Ball 1-2: Ball 2-2: Strikes out looking
|
Top of the 7th over - 1 run, 1 hit, 0 errors, 0 left on base; Oklahoma City 1 - El Paso 0 |
BOTTOM OF THE 7TH |
El Paso Chihuahuas batting - Pitching for Oklahoma City Dodgers : RHP Tyler Scherer
|
Pitching: RHP Takashi Kashiwabara
|
|
Batting: RHB Ryan Tatum
|
0-0: Ball 1-0: SINGLE (Groundball, 6M, EV 111.9 MPH)
|
Batting: LHB Angel Mejia
|
0-0: Ball 1-0: Bunted foul 1-1: Sac Bunt to 2L - play at first, batter OUT! 2-3 Ryan Tatum to second
|
Batting: RHB Chase Briney
|
0-0: Ball 1-0: Ball 2-0: Ball 3-0: Called Strike 3-1: Ground out 6-3 (Groundball, 6MS, EV 65.0 MPH) Ryan Tatum to third
|
Batting: RHB Eric Sandell
|
0-0: Swinging Strike 0-1: Called Strike 0-2: Ball 1-2: Strikes out swinging
|
Bottom of the 7th over - 0 runs, 1 hit, 0 errors, 1 left on base; Oklahoma City 1 - El Paso 0 |
TOP OF THE 8TH |
Oklahoma City Dodgers batting - Pitching for El Paso Chihuahuas : RHP Carlos Sepulveda
|
Batting: RHB Theo Schepers
|
0-0: Called Strike 0-1: Swinging Strike 0-2: Strikes out swinging
|
Batting: LHB Darrell Ortega
|
0-0: Called Strike 0-1: Ball 1-1: Foul Ball, location: 2F 1-2: Foul Ball, location: 2F 1-2: Ball 2-2: SINGLE (Line Drive, 9LM, EV 100.6 MPH)
|
Batting: LHB Stephen Van Raalte
|
0-0: Called Strike 0-1: Foul Ball, location: 2F 0-2: Ball 1-2: Fly out, F9 (Flyball, 9S, EV 87.5 MPH)
|
Batting: RHB Curt Earnest
|
0-0: Ball 1-0: Foul Ball, location: 2F 1-1: 2-RUN HOME RUN (Flyball, 8LXD, EV 113.1 MPH), Distance : 437 ft
|
Pitching: RHP Adrian de la Cerda
|
|
Batting: LHB Steve Pond
|
0-0: Ball 1-0: Ball 2-0: Ball 3-0: Called Strike 3-1: Swinging Strike 3-2: Base on Balls
|
Batting: LHB Jose Robles
|
0-0: Ball 1-0: Ball 2-0: Foul Ball, location: 2F 2-1: Ball Passed Ball! Steve Pond to second 3-1: Foul Ball, location: 2F 3-2: Foul Ball, location: 2F 3-2: SINGLE (Groundball, 4MD, EV 106.2 MPH) Steve Pond to third
|
Batting: RHB T.J. Jordan
|
0-0: Called Strike 0-1: Swinging Strike 0-2: Ball 1-2: Foul Ball, location: 2F 1-2: Strikes out swinging
|
Top of the 8th over - 2 runs, 3 hits, 0 errors, 2 left on base; Oklahoma City 3 - El Paso 0 |
BOTTOM OF THE 8TH |
El Paso Chihuahuas batting - Pitching for Oklahoma City Dodgers : RHP Takashi Kashiwabara
|
Now at 1B: Robin More
|
|
Now at 3B: Chris Raymond
|
|
Batting: RHB Roberto Lemus
|
0-0: Ball 1-0: Ball 2-0: Ball 3-0: Called Strike 3-1: Foul Ball, location: 2F 3-2: Strikes out looking
|
Batting: LHB Carlos Cuellar
|
0-0: Called Strike 0-1: Fly out, F6 (Popup, 6M, EV 70.6 MPH)
|
Batting: RHB Andy Sheridan
|
0-0: Ball 1-0: Swinging Strike 1-1: SINGLE (Groundball, 4MD, EV 96.9 MPH)
|
Batting: LHB Anthony Mosley
|
0-0: Called Strike 0-1: Ball 1-1: Ball 2-1: Ball 3-1: Called Strike 3-2: Base on Balls Andy Sheridan to second
|
Batting: RHB Lamberto Amicis
|
0-0: Fly out, F4 (Flyball, 4D, EV 90.6 MPH)
|
Bottom of the 8th over - 0 runs, 1 hit, 0 errors, 2 left on base; Oklahoma City 3 - El Paso 0 |
TOP OF THE 9TH |
Oklahoma City Dodgers batting - Pitching for El Paso Chihuahuas : RHP Adrian de la Cerda
|
Batting: RHB Carlos Talavera
|
0-0: Ball 1-0: Ball 2-0: Ball 3-0: Called Strike 3-1: Ground out U3 (Groundball, 3S, EV 85.0 MPH)
|
Batting: LHB Chris Fandino
|
0-0: Called Strike 0-1: Ground out 4-3 (Groundball, 4, EV 101.2 MPH)
|
Batting: RHB Theo Schepers
|
0-0: Ball 1-0: Ball 2-0: Ball 3-0: Called Strike 3-1: DOUBLE (Line Drive, 8RXD, EV 96.9 MPH)
|
Batting: LHB Darrell Ortega
|
0-0: Foul Ball, location: 2F 0-1: Called Strike 0-2: Strikes out swinging, 2-3 out at first.
|
Top of the 9th over - 0 runs, 1 hit, 0 errors, 1 left on base; Oklahoma City 3 - El Paso 0 |
BOTTOM OF THE 9TH |
El Paso Chihuahuas batting - Pitching for Oklahoma City Dodgers : RHP Takashi Kashiwabara
|
Pitching: RHP Juan Hurtado
|
|
Batting: RHB Ryan Tatum
|
0-0: Ball 1-0: Swinging Strike 1-1: Swinging Strike 1-2: Ground out U3 (Groundball, 23, EV 84.4 MPH)
|
Batting: LHB Angel Mejia
|
0-0: Called Strike 0-1: Ball 1-1: Swinging Strike 1-2: Strikes out swinging
|
Batting: RHB Chase Briney
|
0-0: Foul Ball, location: 2F 0-1: Ball 1-1: Ball 2-1: Ground out 5-3 (Groundball, 5L, EV 83.1 MPH)
|
Bottom of the 9th over - 0 runs, 0 hits, 0 errors, 0 left on base; Oklahoma City 3 - El Paso 0 |
|